 Dungeon Crawl Stone Soup version 0.22-a0-430-g6609fc6 (webtiles) character file.

1577 KristoblXynda the Cleaver (level 8, -8/68 HPs)
             Began as a Deep Dwarf Fighter on May 26, 2018.
             Was a Follower of Makhleb.
             Mangled by an orc warrior
             ... wielding a +0 dire flail
              (20 damage)
             ... on level 8 of the Dungeon.
             The game lasted 00:14:24 (5864 turns).

KristoblXynda the Cleaver (Deep Dwarf Fighter)      Turns: 5864, Time: 00:14:25

Health: -8/68      AC: 14    Str: 25    XL:     8   Next: 60%
Magic:  5/5        EV:  6    Int: 11    God:    Makhleb [*.....]
Gold:   299        SH: 11    Dex: 12    Spells: 7/7 levels left

rFire    + . .     SeeInvis .   a - +0 war axe
rCold    . . .     Gourm    .   c - +0 shield
rNeg     + . .     Faith    .   e - +0 chain mail
rPois    .         Spirit   .   (no helmet)
rElec    .         Reflect  .   w - +0 cloak
rCorr    .         Harm     .   s - +0 pair of gloves
MR       +....                  r - +0 pair of boots
Stlth    ..........             (no amulet)
HPRegen  0.00/turn              p - ring of positive energy
MPRegen  0.09/turn              z - ring of protection from fire

@: mighty, non-regenerating
A: damage resistance, heal wounds, sense surroundings 1, no regeneration
a: Heal Wounds, Renounce Religion


You were on level 8 of the Dungeon.
You worshipped Makhleb.
Makhleb was aware of your devotion.
You were not hungry.

You visited 2 branches of the dungeon, and saw 9 of its levels.

You collected 299 gold pieces.

Inventory:

Hand Weapons
 a - a +0 war axe (weapon)
 j - a +0 whip of draining
Armour
 c - a +0 shield (worn)
 e - a +0 chain mail (worn)
 r - a +0 pair of boots (worn)
 s - a +0 pair of gloves (worn)
 w - a +0 cloak (worn)
Jewellery
 p - a ring of positive energy (left hand)
 z - a ring of protection from fire (right hand)
Scrolls
 b - a scroll of remove curse {unknown}
 g - a scroll of amnesia {unknown}
 h - a scroll of fog
 i - 3 scrolls of teleportation
 m - a scroll of blinking {unknown}
 u - a scroll of torment {unknown}
 v - a scroll of holy word
 y - 2 scrolls of identify
 A - a scroll of fear {unknown}
 B - a scroll of brand weapon {unknown}
Potions
 d - a potion of might
 k - 2 potions of haste
 l - a potion of flight
 o - 2 potions of brilliance
 q - a potion of curing
 t - a potion of magic
Comestibles
 f - 12 rations
 n - 4 chunks of flesh


   Skills:
 - Level 2.6 Fighting
 * Level 8.7 Axes
 + Level 6.7 Armour
 + Level 6.8 Shields


You had 7 spell levels left.
You didn't know any spells.
Your spell library contained the following spells:

 Spells                   Type           Power        Failure   Level  Hunger
 Magic Dart               Conj           #...         99%         1    ##.....
 Conjure Flame            Conj/Fire      #.......     100%        3    ####...
 Slow                     Hex            #.......     100%        2    ###....
 Mephitic Cloud           Conj/Pois/Air  #.......     100%        3    ####...
 Blink                    Tloc           N/A          100%        2    ###....
 Call Imp                 Summ           #.......     100%        2    ###....


Dungeon Overview and Level Annotations

Branches:
Dungeon (8/15)             Temple (1/1) D:4
   Lair: D:8-11

Altars:
Ashenzari
Dithmenos
Fedhas
Gozag
Hepliaklqana
Makhleb
Nemelex Xobeh
Qazlal
Ru
Sif Muna
Trog
Wu Jian
Xom
Yredelemnul
Jiyva

Annotations:
D:3 exclusion: oklob plant
D:8 Pikel


Innate Abilities, Weirdness & Mutations

You are resistant to damage.
You can heal yourself by infusing magical energy.
You passively map a small area around you.
You do not regenerate.


Message History

The orc shouts!
The orc wizard shouts!
You hear a shout!
An orc comes into view.
The orc moves out of view.
The orc priest mumbles some strange prayers to Beogh against you.
Pain shoots through your body!
* * * LOW HITPOINT WARNING * * *
As you read the scroll of fog, it crumbles to dust.
The scroll dissolves into smoke.
You hear a shout!
The orc priest calls upon Beogh to heal the orc warrior.
The orc warrior's wounds heal themselves!
An orc comes into view.
It is wielding an enchanted morningstar.
The orc wizard points at you and mumbles some strange words.
The puff of flame hits you! You resist.
The orc wizard mumbles some strange words.
The orc wizard seems to speed up.
The orc warrior barely misses you.
The orc wizard looks satisfied for a moment.
You block the orc warrior's attack.
The orc warrior hits you with a dire flail!!
You die...

#(##..##.##* *,
, ,,,
*#.#.§oD...###*,
,, ,
#§#§§§o...#.. ,
, #§§§o§....#.#,
, ,
###§§o....#.# ,
#§§§o...#.#, * *
,, #####.#..<#
,,
#######o###.#,
.........o@.# *
#######.#####
...........# * *
...........# ,
#.p.
*...........+, *
#.##
...(.......# * *
............,,
............. *
.##
......###.....
*...


You could see 2 orc warriors.

Vanquished Creatures
  A water moccasin (D:6)
  An ice beast (D:5)
  2 slaves
  A sky beast (D:6)
  A phantom (D:7)
  An ogre (D:7)
  2 centaurs
  A bullfrog (D:6)
  2 scorpions
  3 killer bees (D:7)
  A howler monkey (D:6)
  2 centaur zombies
  A crimson imp (D:6)
  A hound (D:4)
  3 orc priests
  2 centaur skeletons
  2 iguanas
  An orc wizard (D:8)
  3 worker ants
  A worker ant zombie (D:5)
  7 adders
  A shadow imp (D:6)
  An adder zombie (D:5)
  3 dart slugs
  8 leopard geckos
  7 orcs
  5 giant cockroaches
  5 goblins
  5 hobgoblins
  8 jackals
  4 quokkas
  A ball python (D:3)
  9 bats
  7 frilled lizards
  A jackal skeleton (D:6)
  7 kobolds
  5 rats
116 creatures vanquished.

Notes
Turn   | Place    | Note
-------+----------+-------------------------------------------
     0 | D:1      | KristoblXynda the Deep Dwarf Fighter began the quest for the Orb.
     0 | D:1      | Reached XP level 1. HP: 20/20 MP: 1/1
   248 | D:1      | Reached XP level 2. HP: 20/27 MP: 2/2
   285 | D:1      | Reached skill level 3 in Axes
   547 | D:1      | Reached XP level 3. HP: 19/33 MP: 3/3
  1110 | D:3      | Reached XP level 4. HP: 24/40 MP: 4/4
  1135 | D:3      | Found a faded altar of an unknown god.
  1212 | D:3      | Reached skill level 4 in Axes
  1651 | D:3      | Found a blossoming altar of Fedhas.
  1666 | D:3      | Noticed an oklob plant
  1771 | D:3      | Reached XP level 5. HP: 25/46 MP: 5/5
  1986 | D:4      | Found a stormy altar of Qazlal.
  2048 | D:4      | Found a staircase to the Ecumenical Temple.
  2166 | Temple   | Entered the Ecumenical Temple
  2183 | Temple   | Became a worshipper of Makhleb the Destroyer
  2653 | D:4      | Reached skill level 5 in Axes
  2817 | D:4      | Reached XP level 6. HP: 30/55 MP: 5/5
  3061 | D:5      | Entered Level 5 of the Dungeon
  3359 | D:5      | Found a shadowy altar of Dithmenos.
  3389 | D:5      | Reached skill level 5 in Shields
  3535 | D:5      | Noticed an ice beast
  3544 | D:5      | Killed an ice beast
  3544 | D:5      | Reached skill level 6 in Axes
  3544 | D:5      | Reached skill level 5 in Armour
  3717 | D:5      | Reached XP level 7. HP: 13/61 MP: 5/5
  3904 | D:5      | Found a shattered altar of Ashenzari.
  4030 | D:5      | Found a sparkling altar of Nemelex Xobeh.
  4252 | D:6      | Reached * piety under Makhleb
  4260 | D:6      | HP: 4/91 [water moccasin (4)]
  4332 | D:6      | Reached skill level 7 in Axes
  4516 | D:6      | Reached XP level 8. HP: 19/68 MP: 5/5
  4971 | D:7      | Reached skill level 8 in Axes
  5657 | D:8      | Noticed Pikel
  5864 | D:8      | Mangled by an orc warrior

Vault maps used:
D:1:      zelgadis_glass_arrival_small
D:3:      tgw_fedhas, first_ration, chequers_ecumenical_altar_island
D:4:      grunt_qazlal_clouds, lemuel_temple_firewalk_b
D:5:      grunt_dithmenos_smoke, ashenzari_altar_1, kennysheep_mini,
          minmay_stone_trees_small, guppyfry_early_lair_pool
D:8:      uniq_pikel
Temple:   pf_slimified_temple

Skill      XL: |  1  2  3  4  5  6  7  8 |
---------------+-------------------------+-----
Axes           | 3 4 5 6 7 8 |  8.7
Armour         | 4 5 6 |  6.7
Shields        | 4 5 6 |  6.8
Fighting       | |  2.6

Action                   |  1- 3 |  4- 6 |  7- 9 || total
-------------------------+-------+-------+-------++-------
Melee: War axe           |   137 |   157 |   228 ||   522
Throw: Throwing net      |       |       |     1 ||     1
 Abil: Heal Wounds       |       |     2 |     2 ||     4
  Use: Scroll            |     3 |     7 |     4 ||    14
       Potion            |     1 |     4 |     8 ||    13
  Eat: Ration            |     1 |       |     1 ||     2
       Chunk             |       |     6 |     4 ||    10
Armor: Scale mail        |    81 |    66 |    25 ||   172
       Skin              |       |     6 |    60 ||    66
       Chain mail        |       |       |    49 ||    49
Dodge: Dodged            |    58 |    42 |    54 ||   154
Block: Shield            |    87 |    82 |   136 ||   305

Table legend:
 A = Spawn XP
 B = Non-spawn XP
 C = Spawn XP percentage of total XP
 D = Spawn monster count
 E = Non-spawn monster count
 F = Spawn count percentage of total count
 G = Total turns spent on level
                    A         B        C        D         E        F      G
               +---------+---------+-------+---------+---------+-------+---------
         Total |       0 |    2254 |   0.0 |       0 |     114 |   0.0 |  5864
               +---------+---------+-------+---------+---------+-------+---------
           D:1 |       0 |      42 |   0.0 |       0 |      21 |   0.0 |   555
           D:2 |       0 |      35 |   0.0 |       0 |      16 |   0.0 |   513
           D:3 |       0 |     130 |   0.0 |       0 |      22 |   0.0 |   876
           D:4 |       0 |     216 |   0.0 |       0 |       9 |   0.0 |  1042
           D:5 |       0 |     447 |   0.0 |       0 |      15 |   0.0 |  1178
           D:6 |       0 |     727 |   0.0 |       0 |      15 |   0.0 |   557
           D:7 |       0 |     464 |   0.0 |       0 |      12 |   0.0 |   799
           D:8 |       0 |     193 |   0.0 |       0 |       4 |   0.0 |   269
               +---------+---------+-------+---------+---------+-------+---------
